 Dungeon Crawl Stone Soup version 0.29.0-4-gdea44cf6ec (webtiles) character file.

Game seed: 11504184600102973256

358 qw the Chopper (level 6, -7/35 HPs)
             Began as a Tengu Warper on Aug 28, 2022.
             Mangled by a yak (9 damage)
             ... on level 5 of the Dungeon.
             The game lasted 00:00:19 (3883 turns).

qw the Chopper (Tengu Warper)                       Turns: 3883, Time: 00:00:20

Health: -7/35      AC: 15    Str: 15    XL:     6   Next: 64%
Magic:  10/10      EV:  8    Int: 14    God:
Gold:   191        SH:  0    Dex: 13    Spells: 9/9 levels left

rFire   . . .      SeeInvis .   Y - +0 war axe
rCold   . . .      Faith    .   (no shield)
rNeg    . . .      Spirit   .   b - +0 chain mail
rPois   .          Reflect  .   c - +1 hat "Lomuh" {Str+2 Slay+3}
rElec   .          Harm     .   e - +0 cloak
rCorr   .          Rampage  .   (no gloves)
Will    +....                   (boots unavailable)
Stlth   ..........              a - amulet of the acrobat
HPRegen 0.11/turn               f - +4 ring of protection
MPRegen 0.12/turn               g - ring of willpower

@: flying quickly and evasively, quick
A: beak, talons 3, nimble flight
a: no special abilities


You were on level 5 of the Dungeon.
You visited 1 branch of the dungeon, and saw 5 of its levels.

You collected 191 gold pieces.


Innate Abilities, Weirdness & Mutations

You have a beak for a mouth.
You have claws for feet.
Your magical nature lets you fly swiftly and evasively.


   Skills:
 + Level 2.0 Fighting
 - Level 7.0 Axes
 - Level 1.0 Throwing
 - Level 2.6 Armour
 - Level 2.1 Dodging
 - Level 2.0 Spellcasting
 - Level 2.4 Translocations


You had 9 spell levels left.
You didn't know any spells.
Your spell library contained the following spells:

 Spells                   Type           Power      Damage    Failure   Level
 Blink                    Tloc           16%        N/A       96%         2
 Gell's Gravitas          Tloc           8%         N/A       99%         3
 Lesser Beckoning         Tloc           8%         N/A       99%         3
 Teleport Other           Tloc           8%         N/A       99%         3
 Manifold Assault         Tloc           8%         N/A       100%        5

Inventory:

Hand Weapons
 h - a +0 flail
 Y - a +0 war axe (weapon)
Armour
 b - a +0 chain mail (worn)
 c - the +1 hat "Lomuh" (worn) {Str+2 Slay+3}
   (You acquired it on level 6 of the Dungeon)

   Str:       It affects your strength (+2).
   Slay:      It affects your accuracy & damage with ranged weapons and melee
   (+3).
 e - a +0 cloak (worn)
 l - a +0 plate armour
Jewellery
 a - an amulet of the acrobat (around neck)
 f - a +4 ring of protection (left hand)
 g - a ring of willpower (right hand)
 i - an amulet of reflection
Scrolls
 d - a scroll of identify
Potions
 j - a potion of brilliance {unknown}
 k - a potion of curing
 m - a potion of berserk rage {unknown}
 o - a potion of invisibility {unknown}

Dungeon Overview and Level Annotations

Branches:
Dungeon (6/15)
 Temple: D:4-7

Altars:


Message History

The orc shouts!
An orc comes into view. It is wielding a +0 short sword.
3853 ||| Stepping ~*~*~tactically~*~*~ (stealth).
You closely miss the orc. You claw the orc!
You kill the orc!
The orc shouts!
Things that are here:
a +0 dagger; a +0 scale mail; an orc corpse You slash the orc!
You kill the orc!
You slash the orc!
You kill the orc!
Found a plate armour.
Things that are here:
a +0 dagger of flaming; a +0 chain mail; an orc corpse
l - a +0 plate armour A yak comes into view.
The yak bellows!
A yak comes into view. x2
Enter note: The yak bellows! x2; You hear a shout!
A yak comes into view.
You barely miss the yak.
The yak bellows!
You hear a shout!
The yak barely misses you.
A scorpion comes into view.
You hit the yak. You claw the yak!
The yak is moderately wounded.
The yak gores you!
You hit the yak. Your kick misses the yak.
The yak is heavily wounded.
You barely miss the yak. The yak gores you.
The yak gores you but does no damage.
A gnoll comes into view. It is wielding a +0 flail.
The yak gores you! The yak gores you. The yak gores you but does no damage.
You hit the yak. You peck the yak.
The yak is heavily wounded.
You closely miss the yak. You slash the yak!
The yak gores you. x2; The yak gores you!
You die...

...........##.#.........
.g.........##.#.........
...........#..#.........
...s....................
...Y.##...#[...........
###.......#..........#.
#?...YY..............#.
#Y@..........))..#.
#.#..........)#....
###..........####..
#........### #..
##......... ###
#.........## ##
#..........# #.
#..........# #. #.


You could see 4 yaks, a scorpion and a gnoll.

Vanquished Creatures
  An ice beast (D:5)
  A scorpion (D:6)
  A gnoll bouda (D:5)
  5 gnolls (D:5)
  7 adders
  A worm (D:2)
  5 dart slugs
  4 orcs
  6 bats
  5 endoplasms
  A giant cockroach (D:3)
  5 goblins
  3 hobgoblins
  2 jackals (D:1)
  3 quokkas
  4 ball pythons
  5 kobolds
  6 rats
65 creatures vanquished.

Notes
Turn   | Place    | Note
-------+----------+-------------------------------------------
     0 | D:1      | qw the Tengu Warper began the quest for the Orb.
     0 | D:1      | Reached XP level 1. HP: 12/12 MP: 4/4
     0 | D:1      | 0 ||| qw: Version: 0.1-a-89-g26bdef1
     0 | D:1      | 0 ||| qw: Game counter: 1146
     0 | D:1      | 0 ||| qw: Always use a shield: true
     0 | D:1      | 0 ||| qw: God list: Okawaru
     0 | D:1      | 0 ||| qw: Allow faded altars: false
     0 | D:1      | 0 ||| qw: Do Orc after D:15 true
     0 | D:1      | 0 ||| qw: Do second Lair branch before Depths: true
     0 | D:1      | 0 ||| qw: Lair rune preference: random
     0 | D:1      | 0 ||| qw: Plans: Normal
     0 | D:1      | 0 ||| PLANNING D:1-11
   263 | D:1      | Reached skill level 3 in Axes
   263 | D:1      | Reached XP level 2. HP: 17/17 MP: 6/6
   305 | D:1      | 305 ||| Stepping ~*~*~tactically~*~*~ (hiding).
   696 | D:1      | 696 ||| Stepping ~*~*~tactically~*~*~ (stealth).
   806 | D:1      | 806 ||| Stepping ~*~*~tactically~*~*~ (stealth).
   816 | D:1      | 816 ||| DROPPING +0 club.
   970 | D:1      | Reached XP level 3. HP: 21/21 MP: 7/7
  1025 | D:1      | 1025 ||| Stepping ~*~*~tactically~*~*~ (hiding).
  1148 | D:1      | Reached skill level 4 in Axes
  1358 | D:1      | 1358 ||| UPGRADING to +0 cloak.
  1363 | D:1      | 1363 ||| UPGRADING to +0 ring mail.
  1373 | D:1      | 1373 ||| DROPPING +0 leather armour.
  1374 | D:1      | 1374 ||| READING scroll labelled COOGYM ZOXZULY.
  1375 | D:1      | 1375 ||| READING scroll labelled IMIFEXZECIO.
  1376 | D:1      | 1376 ||| DRINKING 2 amethyst potions.
  1377 | D:1      | 1377 ||| DROPPING scroll of blinking.
  1454 | D:2      | HP: 5/21 [poisoned by an adder]
  1991 | D:2      | Reached XP level 4. HP: 26/26 MP: 8/8
  2196 | D:2      | 2196 ||| Stepping ~*~*~tactically~*~*~ (hiding).
  2320 | D:2      | Reached skill level 5 in Axes
  2404 | D:2      | 2404 ||| SWAPPING to +0 war axe.
  2413 | D:2      | 2413 ||| Stepping ~*~*~tactically~*~*~ (stealth).
  2414 | D:2      | 2414 ||| DROPPING +1 hand axe.
  2417 | D:2      | 2417 ||| Stepping ~*~*~tactically~*~*~ (stealth).
  2546 | D:2      | 2546 ||| UPGRADING to amulet of the acrobat.
  2551 | D:2      | 2551 ||| UPGRADING to +4 ring of protection.
  2552 | D:2      | 2552 ||| UPGRADING to ring of willpower.
  2553 | D:2      | 2553 ||| READING scroll labelled HAFESA IGHI.
  2554 | D:2      | 2554 ||| READING 3 scrolls labelled JAAPPOERID.
  2555 | D:2      | 2555 ||| DRINKING 2 bubbling clear potions.
  2556 | D:2      | 2556 ||| READING 2 scrolls of identify.
  2556 | D:2      | 2556 ||| IDENTIFYING dark potion
  2557 | D:2      | 2557 ||| DROPPING potion of magic.
  2621 | D:3      | 2621 ||| Stepping ~*~*~tactically~*~*~ (hiding).
  2622 | D:3      | 2622 ||| Stepping ~*~*~tactically~*~*~ (hiding).
  3037 | D:3      | Gained mutation: Your magical nature lets you fly swiftly
                  | and evasively. [Tengu growth]
  3037 | D:3      | Reached XP level 5. HP: 30/30 MP: 9/9
  3244 | D:3      | You are sucked into a shaft and drop 3 floors!
  3247 | D:6      | 3247 ||| UPGRADING to +0 chain mail.
  3257 | D:6      | 3257 ||| DROPPING +0 ring mail.
  3258 | D:6      | 3258 ||| READING scroll labelled DEDWOP GYATRORID.
  3259 | D:6      | 3259 ||| READING scroll labelled DADGHE PIEROQUB.
  3259 | D:6      | Identified a scroll of acquirement
  3259 | D:6      | 3259 ||| ACQUIRING +1 hat "Lomuh" {Str+2 Slay+3}
  3259 | D:6      | Acquired the +1 hat "Lomuh" {Str+2 Slay+3}
  3261 | D:6      | 3261 ||| UPGRADING to +1 hat "Lomuh" {Str+2 Slay+3}.
  3266 | D:6      | 3266 ||| READING scroll labelled GILEYH ZOASCHOCO.
  3267 | D:6      | 3267 ||| Stepping randomly (stuck).
  3268 | D:6      | 3268 ||| Stepping ~*~*~tactically~*~*~ (cloud).
  3275 | D:6      | HP: 7/30 [poisoned by you (poison gas)]
  3534 | D:5      | Entered Level 5 of the Dungeon
  3538 | D:5      | Reached skill level 6 in Axes
  3539 | D:5      | Reached XP level 6. HP: 14/35 MP: 10/10
  3542 | D:5      | HP: 4/35 [gnoll/+0 spear[a gnoll bouda] (7)]
  3543 | D:5      | 3543 ||| DRINKING potion of heal wounds.
  3687 | D:5      | 3687 ||| DROPPING +0 whip.
  3709 | D:5      | Noticed an ice beast
  3721 | D:5      | Killed an ice beast
  3722 | D:5      | Reached skill level 7 in Axes
  3853 | D:5      | 3853 ||| Stepping ~*~*~tactically~*~*~ (stealth).
  3874 | D:5      | Noticed a yak
  3874 | D:5      | Noticed a yak
  3874 | D:5      | Noticed a yak
  3879 | D:5      | Noticed a yak
  3883 | D:5      | HP: 5/35 [yak (4)]
  3883 | D:5      | HP: 2/35 [yak (3)]
  3883 | D:5      | Mangled by a yak

Levels and vault maps discovered:
D:1:      kennysheep_arrival_seaside, layout_loops_corners
D:2:      layout_loops_cross, kennysheep_decorative_pillar
D:3:      layout_basic
D:5:      layout_cave_pools, uniq_duvessa, uniq_menkaure
D:6:      layout_cave_pools, minmay_manual_monstrance, uniq_maggie, uniq_pikel

Skill      XL: |  1  2  3  4  5  6 |
---------------+-------------------+-----
Axes           | 3 4 5 6 7 |  7.0
Armour         | 2 |  2.6
Fighting       | |  2.0
Throwing       | |  1.0
Dodging        | |  2.1
Spellcasting   | |  2.0
Translocations | |  2.4

Action                   |  1- 3 |  4- 6 || total
-------------------------+-------+-------++-------
Melee: Hand axe          |    55 |    16 ||    71
       Kick              |    10 |    26 ||    36
       Peck              |     8 |    11 ||    19
       War axe           |       |    62 ||    62
       Punch             |       |     1 ||     1
Throw: Boomerang         |    29 |    12 ||    41
  Use: Scroll            |     2 |     6 ||     8
       Potion            |     1 |     2 ||     3
Armor: Leather armour    |     9 |       ||     9
       Ring mail         |     3 |    13 ||    16
       Chain mail        |       |    20 ||    20
Dodge: Dodged            |    24 |    42 ||    66

Table legend:
 A = Non-vault XP
 B = Vault XP
 C = Vault XP percentage of total XP
 D = Non-vault monster count
 E = Vault monster count
 F = Vault count percentage of total count
                 A         B        C        D         E       F
            +---------+---------+-------+---------+---------+-------
      Total |     512 |       0 |   0.0 |      65 |       0 |   0.0
            +---------+---------+-------+---------+---------+-------
        D:1 |      46 |       0 |   0.0 |      26 |       0 |   0.0
        D:2 |      82 |       0 |   0.0 |      18 |       0 |   0.0
        D:3 |      56 |       0 |   0.0 |      10 |       0 |   0.0
        D:5 |     248 |       0 |   0.0 |      10 |       0 |   0.0
        D:6 |      80 |       0 |   0.0 |       1 |       0 |   0.0
            +---------+---------+-------+---------+---------+-------
